 Dungeon Crawl Stone Soup version 0.29.1-4-g47bece8355 (webtiles) character file.

Game seed: 4709643524459681825

270232 iamoutofideas the Conqueror (level 20, -33/212 (216) HPs)
             Began as a Hill Orc Berserker on Dec 7, 2022.
             Was a High Priest of Trog.
             Killed from afar by Sojobo (52 damage)
             ... with a bolt of lightning
             ... on level 2 of the Depths.
             The game lasted 01:04:58 (44184 turns).

iamoutofideas the Conqueror (Hill Orc Berserker)   Turns: 44184, Time: 01:05:00

HP:   -33/212 (216) AC: 28    Str: 29    XL:     20   Next: 20%
MP:   18/20         EV: 17    Int: 12    God:    Trog [*****.]
Gold: 1363          SH: 21    Dex: 16    Spells: 19/19 levels left

rFire   + + .      SeeInvis +   a - +14 obsidian axe {vorpal, Mesm Drain Fly SInv}
rCold   + + .      Faith    .   o - +2 kite shield {rC+}
rNeg    + . .      Spirit   .   p - +7 scale mail of Fooly {rPois Int+5 Dex+2}
rPois   +          Reflect  +   N - +2 hat of Makhleb {rN+ SInv}
rElec   .          Harm     .   h - scarf {rC+ rF+}
rCorr   .          Rampage  .   j - +2 pair of gloves
Will    ++++.                   I - +0 pair of boots
Stlth   ..........              b - amulet of reflection
HPRegen 1.45/turn               W - ring of Liberty {Will+ EV+4 Dex+4 Slay+2}
MPRegen 0.17/turn               T - ring of Jionoq {rF+ AC+4}

@: strong-willed, flying, mesmerised, regenerating, studying Conjurations,
lightly drained, invisible
A: no striking features
}: 2/15 runes: decaying, serpentine
a: Renounce Religion, Berserk, Trog's Hand, Brothers in Arms


You were on level 2 of the Depths.
You worshipped Trog.
Trog was extremely pleased with you.
You visited 6 branches of the dungeon, and saw 32 of its levels.
You visited 1 bazaar.

You collected 3124 gold pieces.
You spent 1761 gold pieces at shops.

Inventory:

Hand Weapons
 a - the +14 obsidian axe (weapon) {vorpal, Mesm Drain Fly SInv}
   (You acquired it on level 11 of the Dungeon)

   It inflicts extra damage upon your enemies.
   It occasionally summons demons to assist the wielder when it strikes in
   combat.
   Its wielder is mesmerised by any visible foes.
   It cannot be unequipped while any foes are visible.
   SInv:      It lets you see invisible.
   Fly:       It grants you flight.
   Drain:     It drains your maximum health when unequipped.
 M - a +8 antimagic broad axe
Missiles
 D - 9 throwing nets (quivered)
Armour
 h - a scarf of resistance (worn)
 j - a +2 pair of gloves (worn)
 o - a +2 kite shield of cold resistance (worn)
 p - the +7 scale mail of Fooly (worn) {rPois Int+5 Dex+2}
   (You bought it in a shop on level 2 of the Orcish Mines)

   Int:       It affects your intelligence (+5).
   Dex:       It affects your dexterity (+2).
   rPois:     It protects you from poison.
 u - the +0 kite shield "Tucwewn" {Will- Str+8 Int+2}
   (You acquired it on level 11 of the Dungeon)

   Str:       It affects your strength (+8).
   Int:       It affects your intelligence (+2).
   Will:      It decreases your willpower.
 w - a +1 kite shield of positive energy
 I - a +0 pair of boots (worn)
 N - the +2 hat of Makhleb (worn) {rN+ SInv}
   (You found it on level 8 of the Dungeon)

   rN:        It protects you from negative energy.
   SInv:      It lets you see invisible.
 S - the +0 pair of gloves of Wolaipt {rC+}
   (You found it on level 3 of the Swamp)

   rC:        It protects you from cold.
Jewellery
 b - an amulet of reflection (around neck)
 B - a ring of resist corrosion
 F - a ring of protection from fire
 T - the ring of Jionoq (right hand) {rF+ AC+4}
   (You took it off an efreet on level 15 of the Dungeon)

   [ring of protection]

   AC:        It affects your AC (+4).
   rF:        It protects you from fire.
 W - the ring of Liberty (left hand) {Will+ EV+4 Dex+4 Slay+2}
   (You bought it in a shop in a bazaar)

   [ring of evasion]

   EV:        It affects your evasion (+4).
   Dex:       It affects your dexterity (+4).
   Slay:      It affects your accuracy & damage with ranged weapons and melee
   (+2).
   Will:      It increases your willpower.
 X - an amulet of regeneration
Wands
 d - a wand of mindburst (12)
 v - a wand of acid (6)
 K - a wand of polymorph (22)
 P - a wand of roots (40)
 V - a wand of digging (3)
Scrolls
 c - 2 scrolls of torment
 f - 26 scrolls of teleportation
 i - a scroll of silence
 r - 10 scrolls of poison
 y - 3 scrolls of immolation
 A - 5 scrolls of blinking
 C - 6 scrolls of butterflies
 G - a scroll of summoning
 Q - a scroll of fear
Potions
 g - 3 potions of magic
 k - a potion of berserk rage
 l - 3 potions of haste
 m - 10 potions of might
 n - 8 potions of lignification
 q - 7 potions of mutation
 s - 7 potions of curing
 t - 9 potions of flight
 H - 2 potions of resistance
 J - a potion of invisibility
 O - 2 potions of attraction
Miscellaneous
 e - a condenser vane (inert)


   Skills:
 O Level 27 Fighting
 + Level 23.9 Axes
 + Level 13.9 Armour
 + Level 7.8 Dodging
 - Level 15.0 Shields


You had 19 spell levels left.
You didn't know any spells.
Your spell library contained the following spells:

 Spells                   Type           Power      Damage    Failure   Level
 Sandblast                Erth           0%         2d4       71%         1
 Sting                    Tmut/Pois      0%         1d3       71%         1
 Blink                    Tloc           0%         N/A       83%         2
 Ensorcelled Hibernation  Hex/Ice        0%         N/A       83%         2
 Passwall                 Tmut/Erth      0%         N/A       83%         2
 Poisonous Vapours        Pois/Air       0%         N/A       83%         2
 Scorch                   Fire           0%         2d5       83%         2
 Static Discharge         Conj/Air       0%         3-3/arc   83%         2
 Wereblood                Tmut           0%         N/A       83%         2
 Dazzling Flash           Conj/Hex       0%         N/A       97%         3
 Lesser Beckoning         Tloc           0%         N/A       97%         3
 Portal Projectile        Hex/Tloc       0%         N/A       97%         3
 Stone Arrow              Conj/Erth      0%         3d7       97%         3
 Swiftness                Air            0%         N/A       97%         3
 Tukima's Dance           Hex            0%         N/A       97%         3
 Corpse Rot               Necr/Pois/Air  0%         N/A       100%        4
 Dispel Undead            Necr           0%         3d6       100%        4
 Flame Wave               Conj/Fire      0%         2d4       100%        4
 Fulminant Prism          Conj/Hex       0%         3d6       100%        4
 Iskenderun's Mystic Bla  Conj/Tloc      0%         2d3       100%        4
 Olgreb's Toxic Radiance  Pois           0%         N/A       100%        4
 Passage of Golubria      Tloc           0%         N/A       100%        4
 Sticky Flame             Conj/Fire      0%         2d3       100%        4
 Agony                    Necr           0%         N/A       100%        5
 Alistair's Intoxication  Tmut/Pois      0%         N/A       100%        5
 Blade Hands              Tmut           0%         N/A       100%        5
 Borgnjor's Vile Clutch   Necr/Erth      0%         N/A       100%        5
 Lee's Rapid Deconstruct  Erth           0%         3d5*      100%        5
 Manifold Assault         Tloc           0%         N/A       100%        5
 Silence                  Hex/Air        0%         N/A       100%        5
 Yara's Violent Unravell  Hex/Tmut       0%         3d3       100%        5
 Eringya's Noxious Bog    Tmut/Pois      0%         N/A       100%        6
 Starburst                Conj/Fire      0%         6d3       100%        6
 Summon Cactus Giant      Summ           0%         N/A       100%        6
 Storm Form               Tmut/Air       0%         N/A       100%        7


Dungeon Overview and Level Annotations

Branches:
Dungeon (15/15)            Temple (0/1) D:4            Lair (5/5) D:11
  Swamp (4/4) Lair:3        Snake (4/4) Lair:2        Slime (0/5) Lair:4
    Orc (2/2) D:12            Elf (0/3) Orc:2        Vaults (0/5) D:13
 Depths (2/4) D:15

Altars:
Ashenzari
Cheibriados
Dithmenos
Fedhas
Gozag
Kikubaaqudgha
Makhleb
Nemelex Xobeh
Qazlal
Ru
Sif Muna
Trog
The Shining One
Beogh
Jiyva

Shops:
D:7 (   D:10 [   Orc:1 (   Orc:2 [([[   Snake:2 *[   Snake:3 :

Portals:
Hell: Depths:1
Pandemonium: Depths:2
Trove: D:15 (give 5 potions of resistance)

Annotations:
D:10 3 runed translucent doors, lotum's ghost, novice HuFi
Depths:1 exclusion: 2 downstairs
Depths:2 Sojobo; Vv


Message History

The hell knight blinks!
The fire giant hits you with a +1 great sword of flaming.
* * * LOW HITPOINT WARNING * * *
You can move again.
You feel better.
The hell knight prays to its god.
The hell knight blinks!
You block the air elemental's attack.
An ettin comes into view.
It is wielding a +0 great mace and a +0 dire flail of holy wrath.
The hell knight utters an invocation to its god.
The hell knight blinks!
The fire giant hits you with a +1 great sword of flaming!!
* * * LOW HITPOINT WARNING * * *
The fire giant burns you.
* * * LOW HITPOINT WARNING * * *
You block the air elemental's attack.
Unknown command.
You feel better.
Visions of slaying the air elemental flood into your mind.
You block the air elemental's attack.
The air elemental fires a burst of electricity at you.
The stunning burst hits the air elemental.
The air elemental completely resists.
The stunning burst hits you but does no damage.
You suddenly lose the ability to move!
A tengu reaver comes into view.
It is wielding a +0 great mace and wearing a +4 ring mail of fire resistance.
The air elemental hits you but does no damage.
Sojobo hits you but does no damage. Sojobo pecks you!
* * * LOW HITPOINT WARNING * * *
Sojobo claws you but does no damage.
The fire giant gestures at you while chanting.
The bolt of fire hits you. You resist.
* * * LOW HITPOINT WARNING * * *
You can move again.
You block the air elemental's attack. The air elemental misses you.
The air elemental fires a burst of electricity at you.
The stunning burst misses you. You block the air elemental's attack.
The stone giant throws a large rock.
The large rock hits Sojobo.
Sojobo casts a spell at you. The bolt of lightning hits you!!!
You die...

.................##
..................##
PC.....p...........###
....................[####
...................)))..<
....C.....$....####.#####
......Q...#.........#
..Q...C...##...######
~≈~~~.EQ@...#.##
......EE....###
........#..##
.......##.## ....... .##
..=.C#~.~ ....≈≈~ ...~≈≈~


You could see Sojobo (repels missiles), a fire giant, a stone giant (unable to
see you), 2 tengu reavers, 2 ettins, a hell knight (fast, unable to see you,
fleeing) and 3 air elementals.

Vanquished Creatures
  Saint Roka (Orc:2)
  A tentacled monstrosity (Swamp:4)
  A sphinx (Depths:1)
  A tengu reaver (Depths:2)
  Donald (Swamp:3)
  3 fenstrider witches (Swamp:4)
  5 nagarajas
  2 slime creatures (D:13)
  A fire giant (Depths:1)
  Aizul (Snake:1)
  Louise (Swamp:3)
  A spriggan defender (Depths:2)
  A reaper (Swamp:4)
  A vampire knight (Depths:1)
  5 very ugly things (Depths:1)
  3 stone giants (Depths:1)
  4 eleionomae
  4 bunyips
  An ettin (Depths:2)
  3 fire dragons
  Josephine (Lair:3)
  A rakshasa (Depths:2)
  A blizzard demon (Swamp:4)
  An ice dragon (D:15)
  2 salamander tyrants (Snake:4)
  Erolcha (D:12)
  16 hydras
  6 vault guards (D:13)
  14 anacondas
  5 ogre magi
  5 boulder beetles
  A catoblepas (Lair:5)
  A ghost crab (Swamp:4)
  5 centaur warriors
  15 two-headed ogres
  9 naga warriors
  7 alligators
  4 spriggan air magi
  A tengu warrior (Depths:2)
  A vampire mage (Depths:2)
  11 death yaks (Lair:5)
  2 deep troll shamans (Depths:1)
  6 shock serpents
  A hell knight (Depths:2)
  A spriggan berserker (Depths:2)
  2 soul eaters (Swamp:4)
  11 naga sharpshooters
  2 skeletal warriors (D:15)
  6 salamander mystics
  2 sixfirhies (Swamp:4)
  A storm dragon skeleton (D:15)
  4 goliath frogs
  4 iron trolls
  6 spriggan druids
  2 swamp dragons
  A bog body (Swamp:4)
  4 deep trolls
  2 wizards
  A quicksilver dragon simulacrum (Depths:2)
  Pikel (D:5)
  2 phantasmal warriors (Depths:1)
  A flayed ghost (Depths:1)
  10 naga ritualists
  A tengu zombie (D:15)
  A wolf spider (Orc:1)
  4 deep elf pyromancers
  2 orc knights
  6 lindwurms
  A sphinx zombie (D:15)
  15 mana vipers
  An orc sorcerer (Orc:1)
  A sphinx skeleton (Depths:2)
  4 necromancers (Depths:2)
  20 ugly things
  2 manticores
  5 will-o-the-wisps
  A cyclops (D:15)
  18 salamanders
  21 elephants
  41 black mambas
  An ice statue (D:15)
  11 guardian serpents
  A cane toad (shapeshifter) (D:14)
  14 naga magi
  7 rime drakes
  3 gargoyles
  Psyche (D:9)
  11 cane toads
  2 unseen horrors (D:12)
  3 yaktaurs (D:15)
  A kobold demonologist (D:14)
  An efreet (D:15)
  3 hellwings (Swamp:4)
  5 komodo dragons
  A queen bee (shapeshifter) (D:15)
  5 trolls
  2 polar bears (Lair:5)
  5 tyrant leeches
  4 meliai (D:14)
  A tarantella (shapeshifter) (D:14)
  12 blink frogs
  A tarantella (Orc:1)
  15 hornets
  A vampire (D:11)
  7 wraiths
  A water elemental (Depths:2)
  21 spriggans
  4 wyverns
  5 basilisks
  A chaos spawn (Swamp:4)
  A redback (D:14)
  26 yaks
  6 steam dragons
  11 vampire mosquitoes
  37 nagas
  A warg (Orc:1)
  A human zombie (Depths:2)
  12 water moccasins
  8 swamp worms
  2 acid dragons (D:12)
  Pargi (D:3)
  3 swamp drakes
  28 orc warriors
  A floating eye zombie (D:15)
  8 ice beasts
  A sky beast (D:6)
  5 boggarts
  29 wolves
  4 black bears
  13 centaurs
  6 ogres
  3 lemures (D:5)
  10 bullfrogs
  3 scorpions
  A necrophage (D:7)
  6 gnoll sergeants
  4 wights (D:9)
  The ghost of retardedninja the Shield-Bearer, a weakling MiFi (D:3)
  23 killer bees
  A howler monkey (D:7)
  2 electric eels (D:6)
  A jelly (D:4)
  18 orc priests
  5 gnoll boudas
  9 hounds
  7 iguanas
  Ijyb (D:4)
  33 orc wizards
  A centaur simulacrum (D:3)
  A scorpion simulacrum (D:3)
  A mummy (D:6)
  40 gnolls
  4 adders
  A hound simulacrum (D:3)
  4 white imps
  A worm (D:2)
  4 dart slugs
  75 orcs
  4 bats
  4 endoplasms
  A giant cockroach (D:2)
  5 goblins
  7 hobgoblins
  2 jackals (D:6)
  4 kobolds
  A quokka (D:1)
  4 ball pythons
  A ball python simulacrum (D:3)
  A frilled lizard (D:3)
  A giant cockroach simulacrum (D:3)
  A rat (D:1)
  A plant (Depths:1)
1016 creatures vanquished.

Vanquished Creatures (collateral kills)
  2 nagarajas
  A very ugly thing (Depths:1)
  2 stone giants (Depths:2)
  A vampire knight (Depths:1)
  A boulder beetle (Lair:3)
  2 vault guards (D:13)
  3 hydras
  An ogre mage (Swamp:4)
  A two-headed ogre (D:15)
  2 naga warriors
  An anaconda (Snake:1)
  An alligator (Swamp:4)
  A deep troll earth mage (Depths:2)
  A deep troll shaman (Depths:1)
  2 death yaks (Lair:5)
  A naga sharpshooter (Snake:4)
  A hell knight (Depths:2)
  4 shock serpents (Snake:4)
  A salamander mystic (Snake:4)
  A goliath frog (Swamp:3)
  2 deep trolls
  A flayed ghost (D:15)
  7 naga ritualists
  A necromancer (D:15)
  An orc knight (D:14)
  3 mana vipers
  2 orc sorcerers
  An oklob plant (Lair:4)
  8 ugly things
  2 salamanders (Snake:3)
  A will-o-the-wisp (Swamp:4)
  4 elephants
  2 naga magi
  3 guardian serpents (Snake:4)
  4 black mambas
  A cane toad (Lair:2)
  A yaktaur (D:15)
  3 rime drakes
  A komodo dragon (Lair:5)
  An efreet (D:13)
  A troll (Orc:1)
  2 tarantellas (Orc:1)
  A tyrant leech (Swamp:4)
  2 polar bears
  3 hornets
  A slime creature (D:14)
  5 blink frogs
  A dream sheep (Lair:5)
  A yak (Lair:4)
  6 spriggans
  4 steam dragons (Lair:5)
  2 vampire mosquitoes (Lair:3)
  5 nagas
  A water moccasin (Lair:5)
  6 orc warriors
  4 ice beasts (D:15)
  A boggart (Lair:5)
  3 ogres
  A swamp drake (Lair:3)
  2 wolves (Lair:5)
  An electric eel (Lair:3)
  5 orc priests
  A white imp (D:15)
  23 orcs
161 creatures vanquished.

Vanquished Creatures (others)
  2 bloated husks
  A tyrant leech (Swamp:1)
  A gnoll (D:6)
  8 foxfires
  21 fungi
  55 plants
  13 withered plants (D:15)
101 creatures vanquished.

Grand Total: 1278 creatures vanquished

Notes
Turn   | Place    | Note
-------+----------+-------------------------------------------
     0 | D:1      | iamoutofideas the Hill Orc Berserker began the quest for
                  | the Orb.
     0 | D:1      | Reached XP level 1. HP: 19/19 MP: 1/1
   425 | D:1      | Reached XP level 2. HP: 26/27 MP: 2/2
   808 | D:1      | Reached skill level 4 in Fighting
   984 | D:2      | Reached XP level 3. HP: 33/33 MP: 3/3
  1508 | D:3      | Noticed Pargi
  1519 | D:3      | Killed Pargi
  1520 | D:3      | Reached skill level 5 in Axes
  1520 | D:3      | Reached XP level 4. HP: 22/41 MP: 4/4
  1520 | D:3      | Reached XP level 5. HP: 25/47 MP: 5/5
  1839 | D:3      | Found a stormy altar of Qazlal.
  1858 | D:3      | Found a runed translucent gate.
  1858 | D:3      | Found a runed translucent gate.
  1858 | D:3      | Found a runed translucent gate.
  2114 | D:3      | Found a shadowy altar of Dithmenos.
  2378 | D:3      | Found a sparkling altar of Nemelex Xobeh.
  2722 | D:3      | Found a faded altar of an unknown god.
  2726 | D:3      | Found a shimmering blue altar of Sif Muna.
  2757 | D:3      | Noticed retardedninja's ghost (weakling MiFi)
  3246 | D:4      | Noticed Ijyb
  3255 | D:4      | Killed Ijyb
  3306 | D:4      | Reached skill level 5 in Fighting
  3306 | D:4      | Reached XP level 6. HP: 51/56 MP: 6/6
  3527 | D:4      | Found a staircase to the Ecumenical Temple.
  3795 | D:5      | Entered Level 5 of the Dungeon
  3803 | D:5      | Noticed an ice beast
  3812 | D:5      | Killed an ice beast
  3813 | D:5      | Reached XP level 7. HP: 61/61 MP: 7/7
  3919 | D:5      | Noticed Pikel
  3938 | D:5      | Killed Pikel
  3939 | D:5      | Reached skill level 10 in Axes
  3939 | D:5      | Reached XP level 8. HP: 68/68 MP: 8/8
  4149 | D:5      | Noticed a hornet
  4162 | D:5      | Killed a hornet
  4907 | D:6      | Reached XP level 9. HP: 74/74 MP: 9/9
  5023 | D:6      | Reached ** piety under Trog
  5091 | D:6      | Noticed a troll
  5101 | D:6      | Killed a troll
  5214 | D:6      | Reached skill level 15 in Axes
  5303 | D:6      | Found a broken altar of Ashenzari.
  5613 | D:6      | Found an ancient bone altar of Kikubaaqudgha.
  6047 | D:6      | Found a snail-covered altar of Cheibriados.
  6117 | D:6      | Reached *** piety under Trog
  6512 | D:7      | Reached XP level 10. HP: 82/82 MP: 10/10
  6661 | D:6      | Reached skill level 6 in Fighting
  7143 | D:7      | Found Cosk's Hydra Hut.
  7145 | D:7      | Noticed an eight-headed hydra
  7148 | D:7      | Bought a +1 war axe of flaming for 159 gold pieces
  7189 | D:7      | Noticed a two-headed ogre
  7196 | D:7      | Killed a two-headed ogre
  7218 | D:7      | Reached skill level 7 in Fighting
  7639 | D:8      | Found a burning altar of Makhleb.
  8178 | D:3      | Killed retardedninja's ghost
  8334 | D:8      | Reached skill level 8 in Fighting
  8378 | D:8      | Noticed a two-headed ogre
  8384 | D:8      | Killed a two-headed ogre
  8477 | D:8      | Reached skill level 9 in Fighting
  8566 | D:8      | Noticed a manticore
  8574 | D:8      | Killed a manticore
  8575 | D:8      | Reached XP level 11. HP: 99/99 MP: 11/11
  8825 | D:8      | Reached skill level 5 in Armour
  8881 | D:8      | Identified the +2 hat of Makhleb {rN+ SInv}
  9128 | D:9      | Reached skill level 10 in Fighting
  9130 | D:9      | Reached **** piety under Trog
  9320 | D:9      | Noticed Psyche
  9326 | D:9      | Killed Psyche
 10123 | D:9      | Reached ***** piety under Trog
 10124 | D:9      | Reached skill level 11 in Fighting
 10247 | D:10     | Entered Level 10 of the Dungeon
 10300 | D:10     | Found Dulemaxo's Armour Emporium.
 10614 | D:10     | Noticed a two-headed ogre
 10618 | D:10     | Noticed lotum's ghost (novice HuFi)
 10677 | D:10     | Found a runed translucent gate.
 10677 | D:10     | Found a runed translucent gate.
 10677 | D:10     | Found a runed translucent gate.
 10807 | D:10     | Found a blossoming altar of Fedhas.
 11056 | D:10     | Found a glowing golden altar of the Shining One.
 11059 | D:10     | Found a sacrificial altar of Ru.
 11516 | D:11     | Found a staircase to the Lair.
 11946 | D:11     | Reached skill level 1 in Shields
 12000 | D:11     | Noticed a manticore
 12011 | D:11     | Killed a manticore
 12181 | D:11     | Noticed a cyan ugly thing
 12192 | D:11     | Killed a cyan ugly thing
 12447 | D:11     | Reached skill level 12 in Fighting
 12721 | D:11     | Noticed a two-headed ogre
 12722 | D:11     | Noticed a purple ugly thing
 12723 | D:11     | Noticed a cyan ugly thing
 12729 | D:11     | Killed a two-headed ogre
 12730 | D:11     | Killed a cyan ugly thing
 12733 | D:11     | Killed a cyan ugly thing
 12734 | D:11     | Reached XP level 12. HP: 113/113 MP: 12/12
 13010 | D:11     | Identified a scroll of acquirement
 13010 | D:11     | Acquired the +14 obsidian axe {vorpal, Mesm Drain Fly SInv}
 13010 | D:11     | Found the +14 obsidian axe {vorpal, Mesm Drain Fly SInv}
 13074 | D:12     | Noticed a two-headed ogre
 13080 | D:12     | Killed a two-headed ogre
 13157 | D:12     | Reached skill level 13 in Fighting
 13372 | D:12     | Noticed Erolcha
 13387 | D:12     | Killed Erolcha
 13411 | D:12     | Found a roughly hewn altar of Beogh.
 13411 | D:12     | Found a staircase to the Orcish Mines.
 13421 | D:12     | Received a gift from Trog
 13859 | D:12     | You are sucked into a shaft and drop 3 floors!
 13859 | D:15     | Entered Level 15 of the Dungeon
 13860 | D:15     | Noticed a six-headed hydra
 13868 | D:15     | Killed a two-headed hydra
 13886 | D:15     | Noticed a centaur warrior
 13897 | D:15     | Killed a centaur warrior
 14123 | D:14     | Reached skill level 14 in Fighting
 14550 | D:13     | Noticed a boulder beetle
 14555 | D:13     | Killed a boulder beetle
 14602 | D:13     | Found a gate to the Vaults.
 14602 | D:13     | Noticed a vault guard
 14602 | D:13     | Noticed a vault guard
 14602 | D:13     | Noticed a vault guard
 14602 | D:13     | Noticed a vault guard
 14602 | D:13     | Noticed a vault guard
 14602 | D:13     | Noticed a vault guard
 14602 | D:13     | Noticed a vault guard
 14602 | D:13     | Noticed a vault guard
 14607 | D:13     | Killed a vault guard
 14608 | D:13     | Reached XP level 13. HP: 125/125 MP: 13/13
 14612 | D:13     | Killed a vault guard
 14619 | D:13     | Killed a vault guard
 14619 | D:13     | Killed a vault guard
 14620 | D:13     | Reached skill level 15 in Fighting
 14624 | D:13     | Killed a vault guard
 14625 | D:13     | Reached skill level 5 in Shields
 14628 | D:13     | Killed a vault guard
 14631 | D:13     | Killed a vault guard
 14632 | D:13     | Killed a vault guard
 15441 | D:13     | Found a bloodstained altar of Trog.
 15942 | D:12     | Reached skill level 16 in Fighting
 16068 | Lair:1   | Entered Level 1 of the Lair of Beasts
 16145 | Lair:1   | You are sucked into a shaft and drop 1 floor!
 17282 | Lair:2   | Found a staircase to the Snake Pit.
 17474 | Lair:2   | Reached skill level 5 in Dodging
 17910 | Lair:3   | Reached skill level 10 in Armour
 17911 | Lair:3   | Reached XP level 14. HP: 110/138 MP: 14/14
 17920 | Lair:3   | Reached skill level 17 in Fighting
 18277 | Lair:3   | Noticed Josephine
 18286 | Lair:3   | Killed Josephine
 18380 | Lair:3   | Found a staircase to the Swamp.
 18673 | Lair:3   | Received a gift from Trog
 19329 | Lair:4   | Found a staircase to the Slime Pits.
 19329 | Lair:4   | Found a viscous altar of Jiyva.
 19392 | Lair:4   | Reached skill level 18 in Fighting
 20248 | Lair:5   | Entered Level 5 of the Lair of Beasts
 20313 | Lair:5   | Received a gift from Trog
 20587 | Lair:5   | Reached skill level 19 in Fighting
 20605 | Lair:5   | Reached XP level 15. HP: 152/152 MP: 15/15
 21105 | Lair:5   | Reached skill level 20 in Fighting
 21497 | Lair:5   | Received a gift from Trog
 22385 | Orc:1    | Entered Level 1 of the Orcish Mines
 22414 | Orc:1    | Found Fomel's Antique Weapon Emporium.
 22638 | Orc:2    | Entered Level 2 of the Orcish Mines
 22638 | Orc:2    | Found a staircase to the Elven Halls.
 22724 | Orc:2    | Found a roughly hewn altar of Beogh.
 22858 | Orc:1    | Found a roughly hewn altar of Beogh.
 22861 | Orc:1    | Reached ****** piety under Trog
 23375 | Orc:2    | Received a gift from Trog
 23555 | Orc:2    | Found a roughly hewn altar of Beogh.
 23590 | Orc:2    | Found a roughly hewn altar of Beogh.
 23666 | Orc:2    | Found a roughly hewn altar of Beogh.
 23745 | Orc:2    | Found a roughly hewn altar of Beogh.
 23747 | Orc:2    | Found Joaqucux's Antique Armour Emporium.
 23770 | Orc:2    | Noticed Saint Roka
 23783 | Orc:2    | Killed Saint Roka
 23784 | Orc:2    | Reached skill level 21 in Fighting
 23965 | Orc:2    | Found a roughly hewn altar of Beogh.
 23966 | Orc:2    | Found Zemet's Antique Armour Shoppe.
 24090 | Orc:2    | Received a gift from Trog
 24098 | Orc:2    | Found a roughly hewn altar of Beogh.
 24098 | Orc:2    | Found Iloop's Antique Weapon Emporium.
 24139 | Orc:2    | Found Ebboeror's Antique Armour Shoppe.
 24248 | Orc:2    | Bought a polished scale mail for 207 gold pieces
 24248 | Orc:2    | Identified the +7 scale mail of Fooly {rPois Int+5 Dex+2}
                  | (You bought it in a shop on level 2 of the Orcish Mines)
 25063 | D:14     | Reached XP level 16. HP: 167/167 MP: 16/16
 25908 | D:15     | Paralysed by an ogre mage for 5 turns
 26088 | D:15     | Found a portal to a secret trove of treasure.
 26112 | D:15     | Identified the ring of Jionoq {rF+ AC+4}
 26158 | D:15     | Reached skill level 22 in Fighting
 26234 | D:15     | Found a staircase to the Depths.
 26289 | D:15     | Received a gift from Trog
 27335 | Snake:1  | Entered Level 1 of the Snake Pit
 28883 | Snake:1  | Reached XP level 17. HP: 156/178 MP: 17/17
 28886 | Snake:1  | Reached skill level 23 in Fighting
 29217 | Snake:1  | Got the Almanac of Shocking Transmutation
 29220 | Snake:1  | Identified the +0 chain mail "Anud" {Dex+2}
 29396 | Snake:1  | Identified the +5 chain mail of Atheism {rElec}
 29605 | Snake:1  | Noticed Aizul
 29617 | Snake:1  | Killed Aizul
 30303 | Snake:2  | Found a flickering gateway to a bazaar.
 30309 | Bazaar   | Entered a bazaar
 30309 | Bazaar   | Found Vaedest's Weapon Shop.
 30309 | Bazaar   | Found Ahoerri's Book Emporium.
 30309 | Bazaar   | Found Zabibuj's Distillery.
 30309 | Bazaar   | Found Siciukk's Antique Armour Shoppe.
 30415 | Bazaar   | Found Devamy's Antique Weapon Boutique.
 30415 | Bazaar   | Found Qeoh's Jewellery Shoppe.
 30540 | Bazaar   | Bought the ring of Liberty {Will+ EV+4 Dex+4 Slay+2} for
                  | 654 gold pieces
 30552 | Bazaar   | Bought a potion of curing for 36 gold pieces
 30552 | Bazaar   | Bought a potion of lignification for 36 gold pieces
 30552 | Bazaar   | Bought a potion of heal wounds for 60 gold pieces
 30552 | Bazaar   | Bought a potion of might for 48 gold pieces
 30560 | Bazaar   | Bought an amulet of reflection for 300 gold pieces
 30719 | Snake:2  | Found Ilew's Armour Shop.
 30724 | Snake:2  | Found Juariph's Assorted Antiques.
 30763 | Snake:2  | Bought a potion of curing for 66 gold pieces
 30763 | Snake:2  | Bought a glowing emerald potion for 19 gold pieces
 30763 | Snake:2  | Bought a marble ring for 110 gold pieces
 30763 | Snake:2  | Bought a potion of lignification for 66 gold pieces
 32326 | Snake:3  | Reached skill level 24 in Fighting
 32739 | Snake:3  | Found a blossoming altar of Fedhas.
 32812 | Snake:3  | Found Akanwun's Book Emporium.
 32995 | Snake:4  | Entered Level 4 of the Snake Pit
 34466 | Snake:4  | Received a gift from Trog
 34490 | Snake:4  | Reached XP level 18. HP: 188/192 MP: 18/18
 35764 | Snake:4  | Reached skill level 10 in Shields
 36068 | Snake:4  | Reached skill level 25 in Fighting
 36071 | Snake:4  | Received a gift from Trog
 37940 | Snake:4  | Got a serpentine rune of Zot
 38213 | Swamp:1  | Entered Level 1 of the Swamp
 39241 | Swamp:2  | Received a gift from Trog
 39604 | Swamp:3  | Identified the +0 pair of gloves of Wolaipt {rC+}
 39759 | Swamp:3  | Noticed Louise
 39770 | Swamp:3  | Reached XP level 19. HP: 159/198 MP: 19/19
 39791 | Swamp:3  | Killed Louise
 40084 | Swamp:3  | Noticed Donald
 40094 | Swamp:3  | Killed Donald
 40095 | Swamp:3  | Reached skill level 26 in Fighting
 40314 | Swamp:4  | Entered Level 4 of the Swamp
 40789 | Swamp:4  | Received a gift from Trog
 41522 | Swamp:4  | Noticed a tentacled monstrosity
 41531 | Swamp:4  | Killed a tentacled monstrosity
 41684 | Swamp:4  | Got a decaying rune of Zot
 41899 | D:11     | Acquired the +0 kite shield "Tucwewn" {Will- Str+8 Int+2}
 42049 | Depths:1 | Entered Level 1 of the Depths
 42185 | Depths:1 | Found an opulent altar of Gozag.
 42671 | Depths:1 | Reached skill level 27 in Fighting
 42785 | Depths:1 | Received a gift from Trog
 43058 | Depths:1 | Found a gateway to Hell.
 43597 | Depths:2 | Found a one-way gate leading to the halls of Pandemonium.
 43608 | Depths:2 | Reached XP level 20. HP: 100/216 MP: 20/20
 43637 | Depths:2 | Noticed Vv
 44106 | Depths:2 | Reached skill level 15 in Shields
 44174 | Depths:2 | Noticed Sojobo
 44181 | Depths:2 | Paralysed by an air elemental for 1 turns
 44183 | Depths:2 | Paralysed by an air elemental for 1 turns
 44184 | Depths:2 | Killed from afar by Sojobo

Illustrated notes

Levels and vault maps discovered:
D:1:      minmay_arrival_solitary_statue, layout_rooms, serial_rivers,
          chequers_serial_rivers_micro_d, chequers_serial_rivers_large_a,
          chequers_serial_rivers_room_b, chequers_serial_rivers_micro_e,
          chequers_serial_rivers_micro_e, chequers_serial_rivers_micro_a,
          minivault_25, palyth_stone_intersect, hangedman_decor_slide_cut
D:2:      layout_rooms, hangedman_decor_points
D:3:      layout_basic, nicolae_overflow_ecumenical_swirl,
          mainiacjoe_overflow_alcove_1, mainiacjoe_overflow_24_doors,
          grunt_qazlal_clouds, gammafunk_ghost_icy, uniq_pargi
D:4:      layout_loops_corners, minmay_temple_entry_nine_rooms, uniq_ijyb
D:5:      layout_basic, uniq_pikel
D:6:      layout_cave_pools, slow_altar_2, mainiacjoe_overflow_brackets,
          old_standard_altar, serial_gnoll_camp, gnoll_camp_huts_moat,
          gnoll_camp_mini_house, gnoll_camp_medium_02, gnoll_camp_mini_sergeant,
          hangedman_decor_peaks_small
D:7:      layout_loops_ring, doesnt_shop_hydraphobe
D:8:      layout_gridville, mainiacjoe_overflow_cross_hatched, bh_walls_and_bars
D:9:      layout_gridville, kennysheep_cross_room, uniq_psyche
D:10:     layout_basic, grunt_temple_overflow_diamond, serial_shops,
          kennysheep_mini_moat, gammafunk_ghost_split
D:11:     layout_irregular_city, david_lair_shrubbed, roderic_roman_lattice
D:12:     layout_cave_pools, david_orc_5, nicolae_titane, uniq_erolcha
D:13:     layout_basic, erik_vaults_2, trog_butcher_becter
D:14:     nzn_winding_woodlands_medium [nzn_winding_woodlands_5x5_closed_star,
          nzn_winding_woodlands_5x15_eye, nzn_winding_woodlands_5x5_perimeter,
          nzn_winding_woodlands_5x5_checkerboard,
          nzn_winding_woodlands_center_triple_pond,
          nzn_winding_woodlands_5x5_cross, nzn_winding_woodlands_hourglass,
          nzn_winding_woodlands_5x15_zeroes, nzn_winding_woodlands_5x5_default],
          layout_gridville, small_statue_intersection
D:15:     gammafunk_depths_entry_grave, layout_loops_ring,
          nicolae_trove_entry_isolated, st_stairs_6, hangedman_decor_growths,
          ice2_lemuel
Lair:1:   layout_loops_ring
Lair:2:   layout_chaotic_city, minmay_snake_entry_guardpost_medium,
          hangedman_lair_unloving_vines
Lair:3:   layout_roguey, minmay_swamp_entry_eels, pond, grunt_megastairs_1,
          uniq_josephine
Lair:4:   layout_loops_ring, slime_entry_1, st_stairs_13
Lair:5:   minmay_lair_end_enchanted_forest, layout_loops_ring,
          bobbens_dragon_lair_wall
Swamp:1:  layout_falls_marsh, serial_swamp_ruin, evilmike_swamp_ruin_house_5,
          evilmike_swamp_ruin_house_6, swamp_pool3
Swamp:2:  layout_basic_swamp, evilmike_swamp_ruin_house_2
Swamp:3:  layout_basic_swamp, evilmike_swamp_ruin_house_1, uniq_donald,
          uniq_louise
Swamp:4:  nzn_swamp_witches_coven, layout_basic_swamp,
          infiniplex_staircase_pool_2
Snake:1:  layout_layer_cave, nicolae_snake_gridmaze_waves,
          nicolae_snake_naga_rites, uniq_aizul
Snake:2:  nrook_guardian_serpent_snake_passage, layout_grid_shapes,
          serial_shops, bzr_entry_road, minmay_shop_star
Snake:3:  layout_cave_town, basic_altar, serial_shops, shop,
          statue_in_the_mist_lemuel, st_stairs_5, grunt_megastairs_2
Snake:4:  snake_pit_salamanders_mu, layout_rooms
Orc:1:    nicolae_orc_accident_3, layout_caves, serial_shops,
          nicolae_shop_crystal, basic_altar
Orc:2:    grunt_orc_community_town_hall, layout_caves,
          grunt_orc_community_big_house_1, grunt_orc_community_big_house_1,
          grunt_orc_community_house_2, grunt_orc_community_house_1,
          grunt_orc_community_house_3, grunt_orc_community_house_3,
          grunt_orc_community_house_3, basic_altar
Depths:1: layout_gridlike, grunt_hell_entry_dis_grunt, roderic_st_hans_cross,
          skrybe_limestone_x, nicolae_gozag_cash_rules_everything_around_me,
          roderic_lattice_octagonal_star
Depths:2: giant_chief_lemuel, layout_cave_pools, serial_shops,
          bzr_entry_lakeside, hangedman_geh_valley, pan_entry, st_stairs_13,
          nicolae_shop_self_help, uniq_enchantress, uniq_vv, uniq_nikola,
          uniq_bai_suzhen, uniq_sojobo, uniq_grunn

Skill      XL: |  1  2  3  4  5  6  7  8  9 10 11 12 13 14 15 16 17 18 19 20 |
---------------+-------------------------------------------------------------+-----
Fighting       | 4 5 9 12 14 16 19 21 22 24 25 27 | 27.0
Dodging        | 2 3 4 5 6 7 |  7.8
Axes           | 5 7 10 13 16 17 18 19 20 21 22 23 | 23.9
Armour         | 3 4 6 8 10 11 12 13 | 13.9
Shields        | 4 5 6 7 9 11 14 15 | 15.0

Action                   |  1- 3 |  4- 6 |  7- 9 | 10-12 | 13-15 | 16-18 | 19-21 || total
-------------------------+-------+-------+-------+-------+-------+-------+-------++-------
Melee: Hand axe          |    76 |    72 |   308 |    56 |       |       |       ||   512
       Punch             |       |     1 |     2 |     7 |       |       |       ||    10
       War axe           |       |       |       |   368 |       |       |       ||   368
       Broad axe         |       |       |       |    76 |   635 |   758 |   353 ||  1822
Invok: Berserk           |     2 |     3 |    16 |    13 |    14 |     9 |     3 ||    60
       Trog's Hand       |       |       |       |     2 |     2 |     1 |     3 ||     8
       Brothers in Arms  |       |       |       |     2 |     1 |     1 |     1 ||     5
Evoke: Wand              |       |       |     5 |       |     1 |       |     1 ||     7
       Condenser vane    |       |       |       |       |       |     2 |     1 ||     3
  Use: Scroll            |       |       |    11 |    18 |     6 |     5 |     3 ||    43
       Potion            |       |       |       |     1 |     1 |     4 |     9 ||    15
 Stab: Distracted        |       |       |       |       |     2 |    12 |     1 ||    15
Armor: Animal skin       |    25 |       |       |       |       |       |       ||    25
       Troll leather arm |       |    22 |    75 |    16 |       |       |       ||   113
       Ice dragon scales |       |       |       |   215 |   268 |       |       ||   483
       Scale mail        |       |       |       |       |    23 |   329 |   151 ||   503
Dodge: Dodged            |    49 |    39 |   183 |   235 |   236 |   413 |   190 ||  1345
Block: Buckler           |       |       |       |    21 |   125 |   307 |    98 ||   551
       Reflection        |       |       |       |       |       |    26 |     8 ||    34
       Kite shield       |       |       |       |       |       |       |   196 ||   196
